 Dungeon Crawl Stone Soup version 0.24-a0-361-g57161393b2 (webtiles) character file.

Game seed: 9639604868182012885

27 myga the Sneak (level 2, -7/11 HPs)
             Began as a Felid Venom Mage on May 26, 2019.
             Killed by nerve-wracking pain
             ... invoked by Jessica
              (12 damage)
             ... on level 2 of the Dungeon.
             The game lasted 00:03:07 (1127 turns).

myga the Sneak (Felid Venom Mage)                   Turns: 1127, Time: 00:03:08

Health: -7/11      AC:  1    Str:  4    XL:     2   Next: 93%
Magic:  1/6        EV: 18    Int: 16    God:
Gold:   110        SH:  0    Dex: 16    Spells: 2/5 levels left
                                        Lives:  0   Deaths: 0

rFire    . . .     SeeInvis +   (weapon unavailable)
rCold    . . .     Gourm    .   (shield unavailable)
rNeg     . . .     Faith    .   (armour unavailable)
rPois    .         Spirit   .   (helmet unavailable)
rElec    .         Reflect  .   (cloak unavailable)
rCorr    .         Harm     .   (gloves unavailable)
MR       .....                  (boots unavailable)
Stlth    +++.......             (no amulet)
HPRegen  0.03/turn              (no ring)
MPRegen  0.10/turn              (no ring)

@: quick
A: very small, no armour, no weapons or thrown items, stealth, claws 1, fangs 3,
see invisible, carnivore, speed 1, shaggy fur 1, slow metabolism 1, sharp paws
a: no special abilities


You were on level 2 of the Dungeon.
You were completely stuffed.

You visited 1 branch of the dungeon, and saw 2 of its levels.

You collected 110 gold pieces.

Inventory:

Scrolls
 a - a scroll of teleportation {unknown}
 e - a scroll of remove curse {unknown}
Potions
 c - a potion of curing {unknown}
Comestibles
 b - a ration


   Skills:
 + Level 3.2 Dodging
 + Level 3.3 Stealth
 + Level 2.1 Spellcasting
 + Level 1.0 Conjurations
 + Level 3.1 Poison Magic


You had 2 spell levels left.
You knew the following spells:

 Your Spells              Type           Power        Failure   Level  Hunger
a - Sting                 Conj/Pois      #...         9%          1    #......
b - Poisonous Vapours     Pois/Air       #.....       16%         2    ###....

Your spell library contained the following spells:

 Spells                   Type           Power        Failure   Level  Hunger
 Mephitic Cloud           Conj/Pois/Air  #.......     34%         3    ###....
 Olgreb's Toxic Radiance  Pois           ##......     50%         4    #####..
 Venom Bolt               Conj/Pois      #.........   94%         5    ######.


Dungeon Overview and Level Annotations

Branches:
Dungeon (2/15)

Altars:

Annotations:
D:2 Jessica


Innate Abilities, Weirdness & Mutations

You cannot wear armour.
You are incapable of wielding weapons or throwing items.
Your paws allow you to move quietly. (Stealth)
You have sharp claws.
You have razor-sharp teeth.
You have supernaturally acute eyesight. (SInv)
You are carnivorous and can eat meat at any time.
You cover ground quickly.
You are covered in fur. (AC +1)
You have a slow metabolism.
Your sharp claws are effective at attacking unaware monsters.


Message History

Jessica looks more healthy.
A rat comes into view.
Jessica casts a spell.
Jessica seems to speed up.
An adder comes into view.
The adder hisses angrily.
A hobgoblin comes into view.
A bat comes into view.
A kobold comes into view.
The bat moves out of view.
The kobold shouts!
The rat barely misses you.
A goblin comes into view. It is wielding a +0 club.
The rat misses you.
Found a stone staircase leading down.
There is a stone staircase leading up here.
A frilled lizard comes into view.
Jessica casts a spell at you. Pain shoots through your body!
Ouch! That really hurt!
You die...

#..l....... #†##.......
...........# #.#...#....
...g.......###...#......
..>.....................
#.........###.#...#....
#...........#...###....
.#.........#......##....
.........@........[.....
##....@.<..............
........r.##..(..####...
.###....#....#.### ##..
#.##..S.....# #..... #.
#.#$#.#..# ..#... .
#.#.#.#..........# .
#.#K.....####.).. ..
..g....... ..###
......### ##


You could see an adder, Jessica, a hobgoblin (wandering), a goblin (sleeping)
and a rat.

Vanquished Creatures
  A dart slug (D:2)
  A leopard gecko (D:1)
  3 bats (D:1)
  7 goblins (D:1)
  3 hobgoblins
  A ball python (D:1)
  2 frilled lizards
  5 rats (D:1)
23 creatures vanquished.

Notes
Turn   | Place    | Note
-------+----------+-------------------------------------------
     0 | D:1      | myga the Felid Venom Mage began the quest for the Orb.
     0 | D:1      | Reached XP level 1. HP: 7/7 MP: 4/4
   189 | D:1      | Reached XP level 2. HP: 11/11 MP: 4/6
   229 | D:1      | Learned a level 2 spell: Poisonous Vapours
   272 | D:1      | Reached skill level 1 in Conjurations
  1101 | D:2      | Noticed Jessica
  1127 | D:2      | Killed from afar by Jessica

Levels and vault maps discovered:
D:1:      roderic_dead_forest, layout_basic, minmay_split_cup_large
D:2:      layout_rooms, first_ration, hangedman_abyss_or_decor_stabs,
          uniq_jessica

Skill      XL: |  1  2 |
---------------+-------+-----
Poison Magic   | 3 |  3.1
Dodging        | 3 |  3.2
Conjurations   | 1 |  1.0
Stealth        | 3 |  3.3
Spellcasting   | |  2.1

Action                   || total
-------------------------++-------
Melee: Unarmed           ||    14
       Bite              ||     1
 Cast: Sting             ||    26
 Stab: Sleeping          ||     5
       Distracted        ||     1
  Eat: Chunk             ||     8
Armor: Skin              ||     3
Dodge: Dodged            ||    15

Table legend:
 A = Non-vault XP
 B = Vault XP
 C = Vault XP percentage of total XP
 D = Non-vault monster count
 E = Vault monster count
 F = Vault count percentage of total count
                 A         B        C        D         E       F
            +---------+---------+-------+---------+---------+-------
      Total |      32 |       7 |  17.9 |      19 |       4 |  17.4
            +---------+---------+-------+---------+---------+-------
        D:1 |      25 |       7 |  21.9 |      16 |       4 |  20.0
        D:2 |       7 |       0 |   0.0 |       3 |       0 |   0.0
            +---------+---------+-------+---------+---------+-------
